 Dungeon Crawl Stone Soup version 0.18-a0-1666-g3ea6f2b (webtiles) character file.

46 Ijustatesigmund the Sneak (level 3, -1/23 HPs)
             Began as a Kobold Assassin on Mar 31, 2016.
             Shot with a stone by a goblin (8 damage)
             ... led by Robin
             ... on level 2 of the Dungeon.
             The game lasted 00:01:43 (988 turns).

Ijustatesigmund the Sneak (Kobold Assassin)          Turns: 988, Time: 00:01:43

Health: -1/23      AC:  3    Str:  9    XL:     3   Next: 92%
Magic:  3/3        EV: 14    Int: 11    God:
Gold:   75         SH:  0    Dex: 18    Spells: 0 memorised, 2 levels left

rFire  . . .     SeeInvis .     a - +2 dagger
rCold  . . .     Gourm    .     c - +0 robe
rNeg   . . .     Faith    .     (shield restricted)
rPois  .         Spirit   .     (no helmet)
rElec  .         Dismiss  .     d - +0 cloak
rCorr  .         Reflect  .     (no gloves)
SustAt .         Harm     .     (no boots)
MR     .....                    (no amulet)
Stlth  +++.......               (no ring)
                                h - +2 ring of intelligence

@: not resistant to hostile enchantments, fairly stealthy
A: carnivore 3
a: no special abilities


You were on level 2 of the Dungeon.
You were not hungry.

You visited 1 branch of the dungeon, and saw 2 of its levels.

You collected 75 gold pieces.

Inventory:

Hand Weapons
 a - a +2 dagger (weapon)
 b - a +1 blowgun
Missiles
 e - 8 poisoned needles
 f - 2 curare-tipped needles
Armour
 c - a +0 robe (worn)
 d - a +0 cloak (worn)
 j - a cursed +0 plate armour
Jewellery
 h - a +2 ring of intelligence (left hand)
Scrolls
 l - a scroll of remove curse {unknown}
Potions
 i - a potion of flight
 k - a potion of berserk rage {unknown}
Comestibles
 g - 2 meat rations


   Skills:
 + Level 3.4 Fighting
 + Level 4.0 Short Blades
 - Level 2.1 Throwing
 - Level 1.2 Dodging
 - Level 5.3 Stealth


You had 2 spell levels left.
You didn't know any spells.

Dungeon Overview and Level Annotations

Branches:
Dungeon (2/15)

Altars:


Innate Abilities, Weirdness & Mutations

You are small and have problems with some larger weapons.
You are carnivorous and can eat meat at any time.


Message History

You closely miss the hobgoblin.
The hobgoblin is severely wounded.
The hobgoblin closely misses you. The hobgoblin hits you with a club.
You hit the hobgoblin.
The hobgoblin is almost dead.
The hobgoblin hits you with a club.
You hit the hobgoblin.
You kill the hobgoblin!
Your Short Blades skill increases to level 4!
The hobgoblin hits you but does no damage.
You hit the hobgoblin but do no damage.
The goblin unwields an uncursed dagger.
The goblin wields a hunting sling.
The goblin shoots a stone.
The stone barely misses you.
You hit the hobgoblin.
The hobgoblin is heavily wounded.
The hobgoblin closely misses you.
You hit the hobgoblin.
You kill the hobgoblin!
The goblin shoots a stone.
The stone hits you!
You die...

*,***,,*,,,,,,**,*****,****
*,**,*,,,,,,,.#*,**,,,,,,,*
*,*,***...,,,.#*,,,,,,,**,*
*,**,*,#gg,,,.#****,**,**,*
*,,,,,,#.g,,,.# *,*,,**,*
****,#.*.g,,,g#####.#.#**,*
*.#.##.*,,gg?,...#.#**,*
*......###)#**#.....,,,*
**#.*#...@g# #.##.#****
#.*##...## #.##.#
#.##.###.####.##.# ####
***** ##.#.##
*#.†...##.####... ,,,,*
#....# #.............#.
***,** ##>#.##
##.#######.###...
,**,,****####.###.## #†#
##.# ,,,*,,,*,,,*##...##
#.# #.# ,8,,,8,,,8,* #...#
#.# #..


You could see a hobgoblin and 3 goblins.

Vanquished Creatures
  Robin (D:2)
  A dart slug (D:1)
  A giant gecko (D:2)
  2 giant cockroaches (D:1)
  4 goblins
  4 hobgoblins
  3 jackals (D:2)
  7 kobolds
  A bat (D:2)
  A giant newt (D:1)
  3 rats (D:1)
28 creatures vanquished.

Notes
Turn   | Place    | Note
--------------------------------------------------------------
     0 | D:1      | Ijustatesigmund the Kobold Assassin began the quest for the Orb.
     0 | D:1      | Reached XP level 1. HP: 12/12 MP: 1/1
     2 | D:1      | Noticed a demonspawn
     2 | D:1      | Noticed an octopode
     4 | D:1      | Noticed a dwarf
     6 | D:1      | Noticed a vampire
     6 | D:1      | Noticed a halfling
     8 | D:1      | Noticed a ghoul
    10 | D:1      | Noticed a vine stalker
    10 | D:1      | Noticed a merfolk
    12 | D:1      | Noticed an elf
    12 | D:1      | Noticed a demigod
    14 | D:1      | Noticed a centaur
    14 | D:1      | Noticed a draconian
    16 | D:1      | Noticed a felid
    16 | D:1      | Noticed an ogre
    18 | D:1      | Noticed a formicid
    18 | D:1      | Noticed a tengu
    20 | D:1      | Noticed a spriggan
    20 | D:1      | Noticed a human
    22 | D:1      | Noticed a minotaur
    22 | D:1      | Noticed a troll
    24 | D:1      | Noticed a naga
    26 | D:1      | Noticed a gargoyle
    66 | D:1      | Reached XP level 2. HP: 10/18 MP: 2/2
   626 | D:2      | Reached XP level 3. HP: 20/22 MP: 3/3
   970 | D:2      | Noticed Robin
   979 | D:2      | Killed Robin
   988 | D:2      | Shot with a stone by a goblin

Vault maps used:
D:1:      kb_arrival_jail
D:2:      minmay_misc_feat_four_crosses, uniq_natasha, uniq_robin

Skill      XL: |  1  2  3 |
---------------+----------+-----
Short Blades   | 3 4 |  4.0
Fighting       | 3 |  3.4
Throwing       | |  2.1
Dodging        | |  1.2
Stealth        | |  5.3

Action                   || total
-------------------------++-------
Melee: Dagger            ||   100
  Use: Scroll            ||     5
 Stab: Sleeping          ||     5
  Eat: Chunk             ||     4
